TOP OF THE 1ST |
Shelby HS Rockets batting - Pitching for John Jay HS Patriots : RHP Ben Larsen
|
Pitching: RHP Ben Larsen
|
|
Batting: RHB Scotty Hicks
|
0-0: Ball 1-0: Ball 2-0: Ball 3-0: Base on Balls
|
Batting: RHB John Pineau
|
0-0: Foul Ball, location: 2F 0-1: Ball 1-1: Ball 2-1: Ball 3-1: Fly out, F9 (Flyball, 9M)
|
Batting: RHB Tommy Davenport
|
0-0: Ball 1-0: Ball 2-0: Called Strike 2-1: Ground out 5-3 (Groundball, 5S) Scotty Hicks to second
|
Batting: RHB Jake Erickson
|
0-0: Ball 1-0: Called Strike 1-1: Ball 2-1: Foul Ball, location: 2F 2-2: Strikes out swinging
|
Top of the 1st over - 0 run(s), 0 hit(s), 0 error(s), 1 left on base; Shelby HS 0 - John Jay HS 0 |
BOTTOM OF THE 1ST |
John Jay HS Patriots batting - Pitching for Shelby HS Rockets : RHP Stan Franco
|
Pitching: RHP Stan Franco
|
|
Batting: SHB Karl Webster
|
0-0: Called Strike 0-1: Ball 1-1: Foul Ball, location: 2F 1-2: SINGLE (Groundball, 34D)
|
Batting: RHB Jason Taylor
|
0-0: Fly out, F8 (Flyball, 8RS)
|
Batting: RHB Carlos Salas
|
0-0: Called Strike 0-1: Ball 1-1: Ground out 5-3 (Groundball, 6) Karl Webster to second
|
Batting: RHB Micheal Banks
|
0-0: Foul Ball, location: 2F 0-1: Foul Ball, location: 2F 0-2: SINGLE (Line Drive, 78S) Karl Webster to third Runner from 3rd tries for Home, SAFE, no throw or cutoff
|
Batting: RHB Esteban Concepción
|
0-0: Called Strike 0-1: Ball 1-1: Ball 2-1: Ground out 5-3 (Groundball, 5L)
|
Bottom of the 1st over - 1 run(s), 2 hit(s), 0 error(s), 1 left on base; Shelby HS 0 - John Jay HS 1 |
TOP OF THE 2ND |
Shelby HS Rockets batting - Pitching for John Jay HS Patriots : RHP Ben Larsen
|
Batting: RHB Rich Crabtree
|
0-0: Ball 1-0: Ball 2-0: Called Strike 2-1: Foul Ball, location: 2F 2-2: Ball 3-2: Ground out 4-3 (Groundball, 4)
|
Batting: RHB David Randall
|
0-0: Ball 1-0: Foul Ball, location: 2F 1-1: Foul Ball, location: 2F 1-2: DOUBLE (Line Drive, 5D)
|
Batting: SHB Cornell Payne
|
0-0: Ball 1-0: Ball 2-0: Ball 3-0: Base on Balls
|
Batting: LHB Justin Tubridy
|
0-0: Called Strike 0-1: Fielders Choice at 2nd, 4-6 (Groundball, 34) David Randall to third
|
Batting: RHB Don Jackson
|
0-0: Ball 1-0: Ball 2-0: Ball 3-0: Foul Ball, location: 2F 3-1: SINGLE (Flyball, 78S) David Randall scores Justin Tubridy to second Runner from 2nd tries for 3rd, SAFE, throw made to third
|
Pinch Runner at 3rd Edmond Magee:
|
|
Batting: RHB Scotty Hicks
|
0-0: Ball 1-0: Foul Ball, location: 2F 1-1: Ball 2-1: SINGLE (Groundball, 4MD) (infield hit) Edmond Magee scores Don Jackson to second
|
Batting: RHB John Pineau
|
0-0: Ball 1-0: Ball 2-0: Called Strike 2-1: SINGLE (Groundball, 5D) Don Jackson to third Scotty Hicks to second Runner from 3rd tries for Home, SAFE, no throw or cutoff
|
Batting: RHB Tommy Davenport
|
0-0: Foul Ball, location: 2F 0-1: Ball 1-1: Ball 2-1: Foul Ball, location: 2F 2-2: Strikes out swinging
|
Top of the 2nd over - 3 run(s), 4 hit(s), 0 error(s), 2 left on base; Shelby HS 3 - John Jay HS 1 |
BOTTOM OF THE 2ND |
John Jay HS Patriots batting - Pitching for Shelby HS Rockets : RHP Stan Franco
|
Now at SS: Edmond Magee
|
|
Batting: RHB Robert Porter
|
0-0: Ball 1-0: SINGLE (Groundball, 56D)
|
Batting: SHB Carl Rivers
|
0-0: Ball 1-0: Called Strike 1-1: Ball 2-1: Foul Ball, location: 2F 2-2: SINGLE (Groundball, 34D) Robert Porter to second Runner from 2nd tries for 3rd, SAFE, no throw or cutoff
|
Batting: LHB Tim Griffith
|
0-0: Ball 1-0: Ball 2-0: Called Strike 2-1: Ball 3-1: Foul Ball, location: 2F 3-2: Foul Ball, location: 2F 3-2: Foul Ball, location: 2F 3-2: Foul Ball, location: 2F 3-2: Foul Ball, location: 2F 3-2: Base on Balls Carl Rivers to second
|
Batting: RHB Henry Catron
|
0-0: Ball 1-0: Called Strike 1-1: Ball 2-1: Called Strike 2-2: Fly out, F9 (Line Drive, 9M) Runner from 3rd tags up, SCORES, no throw
|
Batting: SHB Karl Webster
|
0-0: Ball 1-0: Called Strike 1-1: Ball 2-1: Foul Ball, location: 2F Single, Error in OF, E7, batter to second base Carl Rivers scores Tim Griffith to third
|
Batting: RHB Jason Taylor
|
0-0: Ball 1-0: Ball 2-0: Called Strike 2-1: Fly out, F8 (Flyball, 8LM) Runner from 3rd tags up, SCORES, no throw
|
Batting: RHB Carlos Salas
|
0-0: SINGLE (Groundball, 56D) (infield hit) Karl Webster to third
|
Batting: RHB Micheal Banks
|
0-0: Called Strike 0-1: Ball 1-1: Called Strike 1-2: Fly out, F8 (Flyball, 8LM)
|
Bottom of the 2nd over - 3 run(s), 4 hit(s), 1 error(s), 2 left on base; Shelby HS 3 - John Jay HS 4 |
TOP OF THE 3RD |
Shelby HS Rockets batting - Pitching for John Jay HS Patriots : RHP Ben Larsen
|
Batting: RHB Jake Erickson
|
0-0: Ball 1-0: Ground out 1-3 (Groundball, 13)
|
Batting: RHB Rich Crabtree
|
0-0: Called Strike 0-1: Ball 1-1: Foul Ball, location: 2F 1-2: Foul Ball, location: 2F 1-2: Strikes out swinging
|
Batting: RHB David Randall
|
0-0: Ball 1-0: Foul Ball, location: 2F 1-1: Swinging Strike 1-2: Ball 2-2: Reached on error, E4 (Groundball, 4)
|
Batting: SHB Cornell Payne
|
0-0: Ball 1-0: Ball 2-0: Ball 3-0: Called Strike 3-1: Called Strike 3-2: Foul Ball, location: 2F 3-2: Strikes out swinging
|
Top of the 3rd over - 0 run(s), 0 hit(s), 1 error(s), 1 left on base; Shelby HS 3 - John Jay HS 4 |
BOTTOM OF THE 3RD |
John Jay HS Patriots batting - Pitching for Shelby HS Rockets : RHP Stan Franco
|
Batting: RHB Esteban Concepción
|
0-0: Called Strike 0-1: Foul Ball, location: 2F 0-2: Ball 1-2: Strikes out swinging
|
Batting: RHB Robert Porter
|
0-0: Swinging Strike 0-1: Ball 1-1: Swinging Strike 1-2: Fly out, F4 (Popup, 4M)
|
Batting: SHB Carl Rivers
|
0-0: Called Strike 0-1: Hit by Pitch
|
Batting: LHB Tim Griffith
|
0-0: Ball 1-0: Foul Ball, location: 2F 1-1: Foul Ball, location: 2F 1-2: Foul Ball, location: 2F 1-2: Foul Ball, location: 2F 1-2: Ground out 6-3 (Groundball, 6)
|
Bottom of the 3rd over - 0 run(s), 0 hit(s), 0 error(s), 1 left on base; Shelby HS 3 - John Jay HS 4 |
TOP OF THE 4TH |
Shelby HS Rockets batting - Pitching for John Jay HS Patriots : RHP Ben Larsen
|
Batting: RHB Edmond Magee
|
0-0: Called Strike 0-1: Swinging Strike 0-2: Strikes out swinging
|
Batting: RHB Don Jackson
|
0-0: Ball 1-0: Ball 2-0: Swinging Strike 2-1: Ball 3-1: Ground out 5-3 (Groundball, 5S)
|
Batting: RHB Scotty Hicks
|
0-0: Ball 1-0: Ball 2-0: Called Strike 2-1: Foul Ball, location: 2F 2-2: Strikes out swinging
|
Top of the 4th over - 0 run(s), 0 hit(s), 0 error(s), 0 left on base; Shelby HS 3 - John Jay HS 4 |
BOTTOM OF THE 4TH |
John Jay HS Patriots batting - Pitching for Shelby HS Rockets : RHP Stan Franco
|
Batting: RHB Henry Catron
|
0-0: Ball 1-0: Ball 2-0: Ball 3-0: Base on Balls
|
Batting: SHB Karl Webster
|
0-0: Ball 1-0: Ball 2-0: Swinging Strike 2-1: Called Strike 2-2: Ball 3-2: SINGLE (Line Drive, 8LM) Henry Catron to second
|
Batting: RHB Jason Taylor
|
0-0: Called Strike 0-1: Ball 1-1: Foul Ball, location: 2F 1-2: Strikes out swinging
|
Pitching: RHP Loren Jackson
|
|
Batting: RHB Carlos Salas
|
0-0: Called Strike 0-1: Called Strike 0-2: Ball 1-2: Reached on error, E6 (Groundball, 6) Henry Catron to third Karl Webster to second
|
Batting: RHB Micheal Banks
|
0-0: Ball 1-0: Called Strike 1-1: Called Strike 1-2: Strikes out swinging
|
Batting: RHB Esteban Concepción
|
0-0: Ball 1-0: Ball 2-0: GRAND SLAM HOME RUN (Flyball, 78XD), Distance : 435 ft
|
Batting: RHB Robert Porter
|
0-0: Ball 1-0: Called Strike 1-1: Ball 2-1: Foul Ball, location: 2F 2-2: Ball 3-2: Base on Balls
|
Batting: SHB Carl Rivers
|
0-0: Ball 1-0: Ground out 4-3 (Groundball, 34)
|
Bottom of the 4th over - 4 run(s), 2 hit(s), 1 error(s), 1 left on base; Shelby HS 3 - John Jay HS 8 |
TOP OF THE 5TH |
Shelby HS Rockets batting - Pitching for John Jay HS Patriots : RHP Ben Larsen
|
Pitching: RHP Evan Moore
|
|
Batting: RHB John Pineau
|
0-0: Foul Ball, location: 2F 0-1: Foul Ball, location: 2F 0-2: Ball 1-2: DOUBLE (Groundball, 5L)
|
Batting: RHB Tommy Davenport
|
0-0: Ball 1-0: Foul Ball, location: 2F 1-1: Foul Ball, location: 2F 1-2: Ball 2-2: Fly out, F4 (Popup, 4M)
|
Batting: RHB Jake Erickson
|
0-0: Foul Ball, location: 2F 0-1: Ball 1-1: Fly out, F8 (Flyball, 8LM)
|
Batting: RHB Rich Crabtree
|
0-0: Ball 1-0: Ball 2-0: SINGLE (Line Drive, 34) John Pineau to third Runner from 3rd tries for Home, SAFE, no throw or cutoff
|
Batting: RHB David Randall
|
0-0: Ball 1-0: Fielders Choice at 2nd, 6-4 (Groundball, 56)
|
Top of the 5th over - 1 run(s), 2 hit(s), 0 error(s), 0 left on base; Shelby HS 4 - John Jay HS 8 |
BOTTOM OF THE 5TH |
John Jay HS Patriots batting - Pitching for Shelby HS Rockets : RHP Loren Jackson
|
Batting: LHB Tim Griffith
|
0-0: Foul Ball, location: 2F 0-1: Swinging Strike 0-2: Strikes out looking
|
Batting: RHB Henry Catron
|
0-0: Called Strike 0-1: Ball 1-1: Swinging Strike 1-2: Foul Ball, location: 2F 1-2: Strikes out swinging
|
Batting: SHB Karl Webster
|
0-0: Ground out 4-3 (Groundball, 34)
|
Bottom of the 5th over - 0 run(s), 0 hit(s), 0 error(s), 0 left on base; Shelby HS 4 - John Jay HS 8 |
TOP OF THE 6TH |
Shelby HS Rockets batting - Pitching for John Jay HS Patriots : RHP Evan Moore
|
Batting: SHB Cornell Payne
|
0-0: Foul Ball, location: 2F 0-1: Swinging Strike 0-2: Foul Ball, location: 2F 0-2: Ball 1-2: Foul Ball, location: 2F 1-2: Strikes out looking
|
Batting: RHB Edmond Magee
|
0-0: Swinging Strike 0-1: Ground out 4-3 (Groundball, 4)
|
Batting: RHB Don Jackson
|
0-0: Ball 1-0: Swinging Strike 1-1: Ball 2-1: Ball 3-1: Base on Balls
|
Batting: RHB Scotty Hicks
|
0-0: Ball Wild Pitch! Don Jackson to second 1-0: Called Strike 1-1: Ball 2-1: Foul Ball, location: 2F 2-2: Ball 3-2: Base on Balls
|
Batting: RHB John Pineau
|
0-0: Ball 1-0: Ground out 5-3 (Groundball, 5S)
|
Top of the 6th over - 0 run(s), 0 hit(s), 0 error(s), 2 left on base; Shelby HS 4 - John Jay HS 8 |
BOTTOM OF THE 6TH |
John Jay HS Patriots batting - Pitching for Shelby HS Rockets : RHP Loren Jackson
|
Batting: RHB Jason Taylor
|
0-0: Ball 1-0: Called Strike 1-1: Fly out, F6 (Line Drive, 6)
|
Batting: RHB Carlos Salas
|
0-0: Reached on error, E6 (Groundball, 6)
|
Batting: RHB Micheal Banks
|
0-0: Intentional Walk
|
Batting: RHB Esteban Concepción
|
0-0: Ball 1-0: Swinging Strike 1-1: Called Strike 1-2: Foul Ball, location: 2F 1-2: Ball 2-2: Ball 3-2: 3-RUN HOME RUN (Flyball, 7LD), Distance : 363 ft
|
Pitching: LHP Matthew Hernández
|
|
Batting: RHB Robert Porter
|
0-0: Ball 1-0: Called Strike 1-1: Ball 2-1: Ball 3-1: Base on Balls
|
Batting: SHB Carl Rivers
|
0-0: Ball 1-0: Called Strike 1-1: Called Strike 1-2: Fly out, F9 (Line Drive, 9M)
|
Batting: LHB Tim Griffith
|
0-0: Ball 1-0: Ball 2-0: SINGLE (Groundball, 13) (infield hit) Robert Porter to second
|
Batting: RHB Henry Catron
|
0-0: Called Strike 0-1: Foul Ball, location: 2F 0-2: Strikes out looking
|
Bottom of the 6th over - 3 run(s), 2 hit(s), 1 error(s), 2 left on base; Shelby HS 4 - John Jay HS 11 |
TOP OF THE 7TH |
Shelby HS Rockets batting - Pitching for John Jay HS Patriots : RHP Evan Moore
|
Pitching: RHP Tom Brown
|
|
Batting: RHB Tommy Davenport
|
0-0: Called Strike 0-1: Ball 1-1: Ball 2-1: Foul Ball, location: 2F 2-2: SOLO HOME RUN (Flyball, 78XD), Distance : 434 ft
|
Batting: RHB Jake Erickson
|
0-0: Foul Ball, location: 2F 0-1: Foul Ball, location: 2F 0-2: Foul Ball, location: 2F 0-2: Strikes out swinging
|
Batting: RHB Rich Crabtree
|
0-0: Fly out, F7 (Flyball, 7M)
|
Batting: RHB David Randall
|
0-0: Ball 1-0: Called Strike 1-1: Fly out, F8 (Flyball, 8LD)
|
Top of the 7th over - 1 run(s), 1 hit(s), 0 error(s), 0 left on base; Shelby HS 5 - John Jay HS 11 |
BOTTOM OF THE 7TH |
John Jay HS Patriots batting - Pitching for Shelby HS Rockets : LHP Matthew Hernández
|
Batting: SHB Karl Webster
|
0-0: Ball 1-0: Ball 2-0: Ground out 6-3 (Groundball, 6)
|
Batting: RHB Jason Taylor
|
0-0: Foul Ball, location: 2F 0-1: Ball Reached via error on a dropped throw, E3
|
Batting: RHB Carlos Salas
|
0-0: Fly out, F9 (Flyball, 9M)
|
Batting: RHB Micheal Banks
|
0-0: Called Strike 0-1: Ball 1-1: Foul Ball, location: 2F 1-2: Fly out, F4 (Popup, 4MD)
|
Bottom of the 7th over - 0 run(s), 0 hit(s), 1 error(s), 1 left on base; Shelby HS 5 - John Jay HS 11 |
TOP OF THE 8TH |
Shelby HS Rockets batting - Pitching for John Jay HS Patriots : RHP Tom Brown
|
Batting: SHB Cornell Payne
|
0-0: Ball 1-0: Called Strike 1-1: Called Strike 1-2: Ball 2-2: Foul Ball, location: 2F 2-2: Strikes out looking
|
Batting: RHB Edmond Magee
|
0-0: Ground out 5-3 (Groundball, 56S)
|
Batting: RHB Don Jackson
|
0-0: SINGLE (Groundball, 56)
|
Batting: RHB Scotty Hicks
|
0-0: Called Strike 0-1: Ball 1-1: Ball 2-1: Ball 3-1: Base on Balls Don Jackson to second
|
Batting: RHB John Pineau
|
0-0: Ball 1-0: Called Strike 1-1: Foul Ball, location: 2F 1-2: Ball 2-2: Foul Ball, location: 2F 2-2: Fly out, F9 (Flyball, 89M)
|
Top of the 8th over - 0 run(s), 1 hit(s), 0 error(s), 2 left on base; Shelby HS 5 - John Jay HS 11 |
BOTTOM OF THE 8TH |
John Jay HS Patriots batting - Pitching for Shelby HS Rockets : LHP Matthew Hernández
|
Batting: RHB Esteban Concepción
|
0-0: Foul Ball, location: 2F 0-1: Called Strike 0-2: Strikes out swinging
|
Pitching: RHP Ricardo Delgado
|
|
Batting: RHB Robert Porter
|
0-0: Ball 1-0: SINGLE (Groundball, 6MD) (infield hit)
|
Batting: SHB Carl Rivers
|
0-0: Foul Ball, location: 2F 0-1: Ball 1-1: Swinging Strike 1-2: Ball 2-2: SINGLE (Line Drive, 3L) Robert Porter to second
|
Batting: LHB Tim Griffith
|
0-0: Ball 1-0: Called Strike Robert Porter steals 3rd base Carl Rivers to second 1-1: Called Strike 1-2: Ball 2-2: Ball 3-2: Foul Ball, location: 2F 3-2: SINGLE (Groundball, 6MD) Robert Porter scores Carl Rivers to third Runner from 3rd tries for Home, SAFE, no throw or cutoff
|
Batting: RHB Henry Catron
|
0-0: Foul Ball, location: 2F 0-1: Ball 1-1: Called Strike 1-2: Ball 2-2: SINGLE (Flyball, 9LS) Tim Griffith to second Runner from 2nd tries for 3rd, SAFE, throw made to third
|
Now in RF: Sean Merritt
|
|
Batting: SHB Karl Webster
|
0-0: Ball 1-0: Foul Ball, location: 2F 1-1: Ball 2-1: Called Strike 2-2: Foul Ball, location: 2F 2-2: Strikes out swinging
|
Batting: RHB Jason Taylor
|
0-0: Ball 1-0: Ball 2-0: Called Strike 2-1: Swinging Strike 2-2: Strikes out swinging
|
Bottom of the 8th over - 2 run(s), 4 hit(s), 0 error(s), 2 left on base; Shelby HS 5 - John Jay HS 13 |
TOP OF THE 9TH |
Shelby HS Rockets batting - Pitching for John Jay HS Patriots : RHP Tom Brown
|
Batting: RHB Tommy Davenport
|
0-0: Called Strike 0-1: Ground out 5-3 (Groundball, 5S)
|
Batting: RHB Jake Erickson
|
0-0: Ball 1-0: Fly out, F4 (Line Drive, 4)
|
Batting: RHB Rich Crabtree
|
0-0: Ball 1-0: Ball 2-0: Ball 3-0: Base on Balls
|
Batting: RHB David Randall
|
0-0: Ball Wild Pitch! Rich Crabtree to second 1-0: Called Strike 1-1: Ball 2-1: Ball 3-1: Base on Balls
|
Batting: SHB Cornell Payne
|
0-0: Ground out 6-3 (Groundball, 6)
|
Top of the 9th over - 0 run(s), 0 hit(s), 0 error(s), 2 left on base; Shelby HS 5 - John Jay HS 13 |
|